 Dungeon Crawl Stone Soup version 0.26-a0-753-g4680b4fa2e (webtiles) character file.

Game seed: 4311619108894779150

851 Forecaster the Stinger (level 8, -2/63 HPs)
             Began as a Naga Venom Mage on Nov 7, 2020.
             Was a Follower of Sif Muna.
             Slain by Pikel
             ... wielding a +0 whip of freezing
              (5 damage)
             ... on level 5 of the Dungeon.
             The game lasted 00:22:50 (6332 turns).

Forecaster the Stinger (Naga Venom Mage)            Turns: 6332, Time: 00:22:50

Health: -2/63      AC:  5    Str: 11    XL:     8   Next: 1%
Magic:  0/15       EV: 10    Int: 18    God:    Sif Muna [*.....]
Gold:   319        SH:  0    Dex: 11    Spells: 6/16 levels left

rFire    . . .     SeeInvis +   f - +0 dagger (elec)
rCold    + . .     Faith    .   (no shield)
rNeg     . . .     Spirit   +   o - +2 robe {rC+}
rPois    +         Reflect  .   (no helmet)
rElec    .         Harm     .   (no cloak)
rCorr    .         Rampage  .   (no gloves)
MR       ++...                  (no barding)
Stlth    ++........             t - amulet of guardian spirit
HPRegen  0.20/turn              (no ring)
MPRegen  0.14/turn              s - ring of protection from magic

@: mighty, very slow
A: large, see invisible, deformed body, poison resistance, slowness 2, spit
poison 1, AC +2
a: Spit Poison, Channel Magic, Renounce Religion


You were on level 5 of the Dungeon.
You worshipped Sif Muna.
Sif Muna was aware of your devotion.
You visited 2 branches of the dungeon, and saw 6 of its levels.

You collected 319 gold pieces.

Inventory:

Hand Weapons
 b - a +0 club
 c - a +0 hand axe
 e - a +0 dagger of venom
 f - a +0 dagger of electrocution (weapon)
 u - a +0 rapier
 v - a +2 vorpal war axe
 x - a +1 dire flail of venom
Armour
 a - a +1 robe
 g - a +0 robe
 l - +0 gold dragon scales
 o - a +2 robe of cold resistance (worn)
Jewellery
 s - a ring of protection from magic (right hand)
 t - an amulet of guardian spirit (around neck)
 w - an uncursed ring of fire {unknown}
Scrolls
 d - 6 scrolls of identify
 m - a scroll of blinking
 n - a scroll of amnesia {unknown}
 p - 3 scrolls of remove curse
 r - 3 scrolls of teleportation {unknown}
Potions
 i - a potion of heal wounds {unknown}
 j - 3 potions of curing {unknown}
 k - 2 potions of brilliance {unknown}
 q - 2 potions of haste {unknown}


   Skills:
 + Level 0.5 Fighting
 + Level 1.2 Short Blades
 + Level 0.2 Axes
 + Level 2.3 Dodging
 + Level 3.7 Stealth
 + Level 0.2 Unarmed Combat
 + Level 4.9 Spellcasting
 + Level 1.2 Transmutations
 + Level 1.1 Fire Magic
 + Level 3.4 Air Magic
 + Level 7.5 Poison Magic


You had 6 spell levels left.
You knew the following spells:

 Your Spells              Type           Power        Failure   Level
a - Sting                 Tmut/Pois      ###.         2%          1
b - Poisonous Vapours     Pois/Air       ###...       2%          2
c - Olgreb's Toxic Radia  Pois           ####....     6%          4
d - Ignite Poison         Fire/Tmut/Pois ###.....     11%         3

Your spell library contained the following spells:

 Spells                   Type           Power        Failure   Level
 Mephitic Cloud           Conj/Pois/Air  ###.....     9%          3


Dungeon Overview and Level Annotations

Branches:
Dungeon (5/15)             Temple (1/1) D:5

Altars:
Ashenzari
Cheibriados
Elyvilon
Fedhas
Gozag
Hepliaklqana
Kikubaaqudgha
Nemelex Xobeh
Okawaru
Qazlal
Ru
Sif Muna
Trog
Uskayaw
Vehumet
Wu Jian
Xom
Yredelemnul
Zin
The Shining One

Annotations:
D:2 1 runed translucent door, Crazy Yiuf
D:5 Pikel


Innate Abilities, Weirdness & Mutations

You cannot wear boots.
Your serpentine skin is tough. (AC +2)
You have supernaturally acute eyesight. (SInv)
Armour fits poorly on your strangely shaped body.
Your system is resistant to poisons. (rPois)
You cover ground very slowly.
You can spit poison.


Message History

Pikel is moderately wounded.
The lemure hits you. Pikel hits you but does no damage. The lemure hits you.
You barely miss Pikel.
Pikel is moderately wounded.
The lemure hits you.
Pikel hits you with a +0 whip of freezing!
Pikel freezes you. The lemure hits you but does no damage.
You feel very mighty all of a sudden. The lemure hits you but does no damage.
Pikel hits you with a +0 whip of freezing!
* * * LOW HITPOINT WARNING * * *
Pikel freezes you.
* * * LOW HITPOINT WARNING * * *
The lemure hits you!
* * * LOW HITPOINT WARNING * * *
You hit Pikel.
Pikel is moderately wounded.
The lemure barely misses you.
Pikel hits you with a +0 whip of freezing.
You die...

########## .......†.##
########..###########
#...# ##.#.........#
####...####.#...@K....###
......(........55......>#
####...####.#.........#.#
#..................#.#
#..................#5#
####...............#.#
#..........###.##.#
#..........# #.# K#
####.......# #.# .#


You could see Pikel and 2 lemures.

Vanquished Creatures
  Sigmund (D:2)
  Edmund (D:5)
  An ogre (D:4)
  2 lemures (D:5)
  A scorpion (D:5)
  The ghost of GordonOverkill the Chiller, a weakling BaIE of Gozag (D:3)
  A bullfrog zombie (D:5)
  A hound (D:3)
  A jelly (D:5)
  Natasha (thrice) (D:4)
  Robin (D:4)
  8 adders
  2 oozes
  An adder skeleton (D:5)
  3 worms
  3 dart slugs
  3 leopard geckos
  7 orcs
  9 bats
  3 giant cockroaches
  20 goblins
  19 hobgoblins
  2 jackals (D:2)
  2 ball pythons
  5 frilled lizards
  12 kobolds
  A quokka zombie (D:5)
  10 rats
124 creatures vanquished.

Vanquished Creatures (others)
  An adder (D:3)
1 creature vanquished.

Grand Total: 125 creatures vanquished

Notes
Turn   | Place    | Note
-------+----------+-------------------------------------------
     0 | D:1      | Forecaster the Naga Venom Mage began the quest for the Orb.
     0 | D:1      | Reached XP level 1. HP: 15/15 MP: 3/3
   577 | D:1      | Reached XP level 2. HP: 14/22 MP: 3/5
   582 | D:1      | Learned a level 2 spell: Poisonous Vapours
  1177 | D:1      | Reached XP level 3. HP: 28/28 MP: 1/6
  2355 | D:2      | Reached skill level 5 in Poison Magic
  2355 | D:2      | Reached XP level 4. HP: 24/36 MP: 1/7
  2692 | D:2      | Noticed Sigmund
  2703 | D:2      | Killed Sigmund
  2703 | D:2      | Reached skill level 6 in Poison Magic
  2703 | D:2      | Reached XP level 5. HP: 34/42 MP: 0/10
  2703 | D:2      | Reached XP level 6. HP: 39/49 MP: 0/11
  3045 | D:2      | Found a runed translucent door.
  3046 | D:2      | Noticed Crazy Yiuf
  3579 | D:3      | Found a shimmering blue altar of Sif Muna.
  3590 | D:3      | Became a worshipper of Sif Muna the Loreminder
  3954 | D:3      | Found a radiant altar of Vehumet.
  3970 | D:3      | Found a runed translucent door.
  4073 | D:3      | Noticed GordonOverkill's ghost (weakling BaIE)
  4855 | D:3      | Killed GordonOverkill's ghost
  5022 | D:3      | Learned a level 4 spell: Olgreb's Toxic Radiance
  5026 | D:3      | Learned a level 3 spell: Ignite Poison
  5027 | D:4      | Noticed Robin
  5028 | D:4      | Reached * piety under Sif Muna
  5029 | D:4      | Killed Robin
  5029 | D:4      | Reached XP level 7. HP: 48/55 MP: 4/13
  5300 | D:4      | Noticed Natasha
  5304 | D:4      | Killed Natasha
  5381 | D:4      | Reached skill level 7 in Poison Magic
  5491 | D:4      | Noticed Natasha
  5497 | D:4      | Killed Natasha
  5497 | D:4      | Reached skill level 1 in Fire Magic
  5498 | D:4      | Noticed Natasha
  5507 | D:4      | Killed Natasha
  5717 | D:5      | Entered Level 5 of the Dungeon
  5745 | D:5      | Found a staircase to the Ecumenical Temple.
  5754 | Temple   | Entered the Ecumenical Temple
  6113 | D:5      | Noticed Edmund
  6123 | D:5      | Killed Edmund
  6123 | D:5      | Reached skill level 1 in Short Blades
  6123 | D:5      | Reached XP level 8. HP: 37/63 MP: 2/15
  6315 | D:5      | Noticed Pikel
  6331 | D:5      | HP: 3/63 [lemure[Pikel] (7)]
  6332 | D:5      | Slain by Pikel

Illustrated notes

Levels and vault maps discovered:
D:1:      dpeg_arrival_water_fire, layout_basic, chequers_serial_rivers_large_b,
          chequers_serial_rivers_small_3, minmay_quantized
D:2:      layout_loops_cross, uniq_crazy_yiuf_cottage, uniq_sigmund
D:3:      layout_basic, old_standard_altar, fiery_altar_vehumet,
          ebering_ghost_sewer_d, grunt_decor_junction, minmay_circle_x
D:4:      layout_rooms, hangedman_decor_push, uniq_robin, uniq_natasha
D:5:      layout_basic, minmay_temple_entry_slanted,
          chequers_serial_rivers_room_b, uniq_eustachio, uniq_pikel, uniq_edmund
Temple:   eino_narrow_crystal_temple

Skill      XL: |  1  2  3  4  5  6  7 |
---------------+----------------------+-----
Poison Magic   | 5 6 7 |  7.5
Dodging        | 2 |  2.3
Spellcasting   | 3 4 |  4.9
Air Magic      | 2 3 |  3.4
Fire Magic     | 1 |  1.1
Short Blades   | 1 |  1.2
Fighting       | |  0.5
Axes           | |  0.2
Stealth        | |  3.7
Unarmed Combat | |  0.2
Transmutations | |  1.2

Action                   |  1- 3 |  4- 6 |  7- 9 || total
-------------------------+-------+-------+-------++-------
Melee: Unarmed           |    15 |       |       ||    15
       Hand axe          |     9 |       |       ||     9
       Dagger            |    26 |    68 |    40 ||   134
 Cast: Sting             |    10 |     1 |       ||    11
       Poisonous Vapours |    34 |    75 |    26 ||   135
       Olgreb's Toxic Ra |       |     1 |       ||     1
       Ignite Poison     |       |       |     6 ||     6
  Use: Scroll            |     2 |     4 |       ||     6
       Potion            |       |       |     1 ||     1
Armor: Robe              |     8 |    18 |    14 ||    40
Dodge: Dodged            |    25 |    34 |    22 ||    81

Table legend: (Time is in decaauts)
 A = Elapsed time spent in this place.
 B = Non-inter-level travel time spent in this place.
 C = Inter-level travel time spent in this place.
 D = Time resting spent in this place.
 E = Time spent auto-exploring this place.
 F = Levels seen in this place.
 G = Mean time per level.
                   A        B        C        D        E       F      G
               +--------+--------+--------+--------+--------+-----+--------+
         Total |   7555 |   7391 |    164 |    820 |   5509 |   6 | 1259.2 |
       Dungeon |   7276 |   7125 |    151 |    820 |   5243 |   5 | 1455.2 |
        Temple |    279 |    267 |     12 |      0 |    265 |   1 |  279.0 |
               +--------+--------+--------+--------+--------+-----+--------+

Top non-repeatable levels by time:
     D:1: 2683 daAuts
     D:3: 1698 daAuts
     D:2: 1564 daAuts
     D:4: 826 daAuts
     D:5: 502 daAuts
  Temple: 279 daAuts
